 Dungeon Crawl Stone Soup version 0.27.1-1-g398f81649c (webtiles) character file.

Game seed: 5575611010395828842

83 Kinoniko the Cudgeller (level 4, -2/39 HPs)
             Began as a Minotaur Berserker on Sept 9, 2021.
             Was a Believer of Trog.
             Slain by a hobgoblin (5 damage)
             ... led by Robin
             ... on level 2 of the Dungeon.
             The game lasted 00:01:06 (1916 turns).

Kinoniko the Cudgeller (Minotaur Berserker)         Turns: 1916, Time: 00:01:06

Health: -2/39      AC:  2    Str: 21    XL:     4   Next: 22%
Magic:  3/3        EV: 12    Int:  5    God:    Trog [**....]
Gold:   153        SH:  0    Dex: 10    Spells: 3/3 levels left

rFire    . . .     SeeInvis .   a - +0 mace
rCold    . . .     Faith    .   (no shield)
rNeg     . . .     Spirit   .   b - +0 animal skin
rPois    .         Reflect  .   (helmet restricted)
rElec    .         Harm     .   (no cloak)
rCorr    .         Rampage  .   (no gloves)
Will     .....                  (no boots)
Stlth    +.........             (no amulet)
HPRegen  0.13/turn              (no ring)
MPRegen  0.08/turn              (no ring)

@: on berserk cooldown, slowed, very slow
A: horns 2, retaliatory headbutt
a: Renounce Religion, Berserk, Trog's Hand


You were on level 2 of the Dungeon.
You worshipped Trog.
Trog was pleased with you.
You visited 1 branch of the dungeon, and saw 2 of its levels.

You collected 153 gold pieces.

Inventory:

Hand Weapons
 a - a +0 mace (weapon)
Armour
 b - a +0 animal skin (worn)
Jewellery
 f - an amulet of magic regeneration
Scrolls
 e - a scroll of magic mapping {unknown}
Potions
 c - a potion of flight {unknown}
 d - a potion of lignification {unknown}


   Skills:
 - Level 3.6 Fighting
 * Level 6.2 Maces & Flails
 - Level 2.4 Armour
 - Level 2.1 Dodging


You had 3 spell levels left.
You didn't know any spells.
Your spell library was empty.

Dungeon Overview and Level Annotations

Branches:
Dungeon (2/15)

Altars:

Shops:
D:2 !


Innate Abilities, Weirdness & Mutations

You have a pair of horns on your head.
You reflexively headbutt those who attack you in melee.


Message History

The goblin misses you. You furiously retaliate!
You headbutt the goblin!
You kill the goblin!
Trog accepts your kill. The goblin hits you with a +0 dagger.
You thump the goblin!
You kill the goblin!
Trog accepts your kill. The hobgoblin misses you.
Unknown command.
You thump the hobgoblin!
You kill the hobgoblin!
Trog accepts your kill.
Unknown command.
You thump the goblin!
You kill the goblin!
Trog accepts your kill.
Unknown command.
You sock the goblin!
You kill the goblin!
Trog accepts your kill.
You hit the hobgoblin but do no damage. You headbutt the hobgoblin.
The hobgoblin is severely wounded.
You are no longer berserk.
You are exhausted.
You feel yourself slow down.
Unknown command.
You closely miss the hobgoblin.
You headbutt the hobgoblin, but do no damage.
The hobgoblin is severely wounded.
The hobgoblin completely misses you. The hobgoblin closely misses you.
The hobgoblin hits you!
* * * LOW HITPOINT WARNING * * *
The hobgoblin hits you but does no damage.
You barely miss the hobgoblin.
The hobgoblin is severely wounded.
The hobgoblin hits you.
* * * LOW HITPOINT WARNING * * *
The hobgoblin closely misses you. You furiously retaliate!
You headbutt the hobgoblin. The hobgoblin hits you.
You die...

... #.#.#.####
######.## #..........
........####<#.#.####.
.#.#.#.#.#.#.#......
..#...#...#...#.####
.#.#.#.#.#.#.#.##
....#...#)..#...#
##.#(#.#)#(#.#.##
#.#...#@).#...#.#
##.#.#g#g#.#.#$##
....#...#...#...#
##.#.#.#.#.#.#.##
#.#...#...#(..#.#
##.#.#.#.#.#.#.##
....#...#...#...
.#.#.#.#.#.#.#.


You could see 2 hobgoblins.

Vanquished Creatures
  Robin (D:2)
  2 adders (D:2)
  A worm (D:2)
  5 endoplasms
  12 goblins
  5 hobgoblins
  2 jackals (D:1)
  5 quokkas
  6 ball pythons
  2 bats (D:2)
  2 frilled lizards (D:1)
  3 kobolds
  2 rats (D:1)
48 creatures vanquished.

Notes
Turn   | Place    | Note
-------+----------+-------------------------------------------
     0 | D:1      | Kinoniko the Minotaur Berserker began the quest for the
                  | Orb.
     0 | D:1      | Reached XP level 1. HP: 19/19 MP: 0/0
   365 | D:1      | Reached skill level 4 in Maces & Flails
   369 | D:1      | Reached XP level 2. HP: 22/26 MP: 1/1
   818 | D:1      | Reached ** piety under Trog
  1088 | D:1      | Reached skill level 5 in Maces & Flails
  1306 | D:1      | Reached XP level 3. HP: 31/31 MP: 2/2
  1686 | D:2      | Found a faded altar of an unknown god.
  1708 | D:2      | Found Igarch's Distillery.
  1897 | D:2      | Noticed Robin
  1908 | D:2      | Killed Robin
  1909 | D:2      | Reached skill level 6 in Maces & Flails
  1909 | D:2      | Reached XP level 4. HP: 25/39 MP: 3/3
  1916 | D:2      | Slain by a hobgoblin

Illustrated notes

Levels and vault maps discovered:
D:1:      lightli_arrival_statue_moat, layout_loops_corners
D:2:      layout_loops_ring, serial_shops, shop_coins, basic_ecumenical_altar,
          kennysheep_crisscross, uniq_robin

Skill      XL: |  1  2  3 |
---------------+----------+-----
Maces & Flails | 4 5 6 |  6.2
Fighting       | |  3.6
Armour         | |  2.4
Dodging        | |  2.1

Action                   |  1- 3 |  4- 6 || total
-------------------------+-------+-------++-------
Melee: Mace              |    73 |     8 ||    81
       Headbutt          |     8 |     2 ||    10
Invok: Berserk           |     1 |       ||     1
 Stab: Sleeping          |     1 |       ||     1
Armor: Animal skin       |    12 |     1 ||    13
Dodge: Dodged            |    46 |     5 ||    51
